 Dungeon Sprint DCSS version 0.29.1-2-gbd0b4ee654 (webtiles) character file.

Game seed: 13770397127741940578

3800000 tbh1313 the Axe Maniac (level 19, -61/207 HPs)
             Began as a Minotaur Monk on Nov 29, 2022.
             Was a High Priest of Makhleb.
             Annihilated by The Servant
             ... wielding a +9 glaive of flaming
              (104 damage)
             ... in the Dungeon (Sprint VIII: "Arena of Blood").
             The game lasted 00:05:35 (38 turns).

tbh1313 the Axe Maniac (Minotaur Monk)                Turns: 38, Time: 00:05:35

Health: -61/207    AC:  4    Str: 20    XL:     19   Next: 40%
Magic:  16/49      EV: 27    Int:  9    God:    Makhleb [*****.]
Gold:   0          SH:  0    Dex: 15    Spells: 72/72 levels left

rFire   . . .      SeeInvis .   j - +∞ Axe of Woe
rCold   . . .      Faith    .   (shield currently unavailable)
rNeg    . . .      Spirit   .   b - +0 robe
rPois   .          Reflect  .   (helmet restricted)
rElec   .          Harm     .   (no cloak)
rCorr   .          Rampage  .   (no gloves)
Will    +....      NoTele   +   (no boots)
Stlth   +++.......              (no amulet)
HPRegen 0.44/turn               a - +30 ring of slaying
MPRegen 0.31/turn               k - +30 ring of slaying

@: no status effects
A: horns 2, retaliatory headbutt
a: Renounce Religion, Minor Destruction, Lesser Servant of Makhleb, Major
Destruction, Greater Servant of Makhleb


You were in the Dungeon.
You worshipped Makhleb.
Makhleb was extremely pleased with you.
You visited 1 branch

Inventory:

Hand Weapons
 j - the +∞ Axe of Woe (weapon)
   (You found it in the Dungeon)
Armour
 b - a +0 robe (worn)
Jewellery
 a - a +30 ring of slaying (left hand)
 k - a +30 ring of slaying (right hand)
Scrolls
 i - a scroll of blinking
Potions
 c - a potion of ambrosia
 d - a potion of curing
 f - a potion of haste
 g - 2 potions of magic
 h - a potion of berserk rage


   Skills:
 O Level 27 Fighting
 - Level 3.4(4.0) Short Blades
 - Level 3.4(4.2) Long Blades
 O Level 27 Axes
 - Level 3.3 Staves
 - Level 3.1 Ranged Weapons
 - Level 25.5 Throwing
 O Level 27 Armour
 O Level 27 Dodging
 - Level 5.0 Stealth
 - Level 3.3 Shields
 - Level 3.0 Unarmed Combat
 O Level 27 Spellcasting
 - Level 2.0 Conjurations
 - Level 1.8 Hexes
 - Level 2.3 Summonings
 - Level 2.3 Necromancy
 - Level 2.3 Translocations
 - Level 2.5 Transmutations
 - Level 2.3 Fire Magic
 - Level 2.3 Ice Magic
 - Level 2.3 Air Magic
 - Level 2.5 Earth Magic
 - Level 2.3 Poison Magic
 + Level 24.3 Invocations
 - Level 2.8 Evocations


You had 72 spell levels left.
You didn't know any spells.
Your spell library was empty.

Dungeon Overview and Level Annotations

Branches:
Dungeon (1/1)

Altars:
Makhleb

Annotations:
D The Servant


Innate Abilities, Weirdness & Mutations

You have a pair of horns on your head.
You reflexively headbutt those who attack you in melee.


Message History

Flame seeps out of the large bag of meat.
Your body is wracked with pain!
* * * LOW HITPOINT WARNING * * *
The Servant convulses!
You hear a shout! x2
A sculptor of flesh comes into view. It is wielding a +9 great sword.
The destroyer gestures at you while chanting.
The destroyer blinks!
A bag of meat comes into view. It is wielding a +9 war axe.
Unknown command.
Okay, then.
You chop the destroyer into pieces!!!
You dissect the destroyer like a pig carcass.
You destroy the destroyer!
Makhleb accepts your kill.
You feel better.
You carve the bag of meat like a ham!!! You chop the bag of meat into pieces.
You kill the bag of meat!
Makhleb accepts your kill.
You feel better.
The destroyer appears out of thin air!
A destroyer comes into view. It is wielding a +9 vorpal great sword.
You are engulfed in blazing flames.
You hear a shout! x4
The large bag of meat is engulfed in blazing flames.
You hear a shout! x2
The eight-headed meat hydra calls on the powers of darkness!
The eight-headed meat hydra convulses!
The Servant convulses!
The large bag of meat convulses!
Flame seeps out of the large bag of meat.
Your body is wracked with pain!
* * * LOW HITPOINT WARNING * * *
The bag of meat convulses!
Your Invocations skill gained 7 levels and is now at level 24!
Unknown command.
A sculptor of flesh comes into view. It is wielding a +9 great sword.
You hear a shout! x3
The large bag of meat is engulfed in blazing flames.
The Servant hits you with a +9 glaive of flaming!!!!
Ouch! That really hurt!
You die...

.. ..... #. ....#
#.. ...# ..
.###.. ...###...
......###§○§.....
......o§§§☼V.....
#.)§)☼# #_.§§○#
#..))@#
.D...O_@........
.....○###..§.....
o###.° ...###...
#.° z..# .. #o.
...z# .. .....
......


You could see The Servant, an eight-headed meat hydra, 2 sculptors of flesh, a
large bag of meat (inner flame) and a bag of meat.

Vanquished Creatures
  A vampire knight (D)
  9 ogres (D)
  3 two-headed ogres (D)
  17 orcs (D)
30 creatures vanquished.

Notes
Turn   | Place    | Note
-------+----------+-------------------------------------------
     0 | D        | Found the +∞ Axe of Woe
     0 | D        | tbh1313 the Minotaur Monk began the quest for the Orb.
     0 | D        | Reached XP level 1. HP: 19/19 MP: 0/0
     1 | D        | Noticed a bag of meat
     2 | D        | Noticed a bag of meat
     2 | D        | Noticed a bag of meat
     3 | D        | Noticed a bag of meat
     5 | D        | Killed a bag of meat
     5 | D        | Noticed a meat berserker
     5 | D        | Noticed a meat berserker
     5 | D        | Noticed a bag of meat
     6 | D        | Reached skill level 5 in Stealth
     6 | D        | Reached XP level 2. HP: 51/51 MP: 1/1
     6 | D        | Reached XP level 3. HP: 58/58 MP: 2/2
     6 | D        | Reached XP level 4. HP: 66/66 MP: 3/3
     6 | D        | Reached XP level 5. HP: 73/73 MP: 4/4
     6 | D        | Reached XP level 6. HP: 81/81 MP: 5/5
     6 | D        | Reached XP level 7. HP: 88/88 MP: 6/6
     6 | D        | Reached XP level 8. HP: 95/95 MP: 7/7
     6 | D        | Reached XP level 9. HP: 103/103 MP: 8/8
     6 | D        | Reached XP level 10. HP: 111/111 MP: 9/9
     6 | D        | Noticed a bag of meat
     7 | D        | Killed a meat berserker
     8 | D        | Reached skill level 27 in Axes
     8 | D        | Reached XP level 11. HP: 117/117 MP: 10/10
     8 | D        | Reached XP level 12. HP: 125/125 MP: 11/11
     8 | D        | Noticed a bag of meat
     8 | D        | Killed a bag of meat
     9 | D        | Reached skill level 1 in Spellcasting
     9 | D        | Reached skill level 1 in Hexes
     9 | D        | Reached XP level 13. HP: 133/133 MP: 11/14
     9 | D        | Noticed a bag of meat
     9 | D        | Killed a bag of meat
    10 | D        | Noticed a meat berserker
    10 | D        | Noticed a bag of meat
    11 | D        | Killed a bag of meat
    13 | D        | Killed a meat berserker
    13 | D        | Killed a bag of meat
    13 | D        | Killed a bag of meat
    14 | D        | Reached skill level 27 in Fighting
    14 | D        | Reached XP level 14. HP: 114/168 MP: 11/15
    15 | D        | Noticed a meat berserker
    15 | D        | Killed a meat berserker
    15 | D        | Noticed a meat berserker
    15 | D        | Noticed a bag of meat
    15 | D        | Noticed a bag of meat
    15 | D        | Noticed a meat berserker
    16 | D        | Reached skill level 27 in Dodging
    16 | D        | Reached XP level 15. HP: 119/174 MP: 11/16
    16 | D        | Killed a meat berserker
    17 | D        | Killed a meat berserker
    17 | D        | Noticed a meat berserker
    18 | D        | Reached skill level 27 in Armour
    18 | D        | Reached XP level 16. HP: 126/183 MP: 11/27
    18 | D        | Killed a meat berserker
    18 | D        | Noticed a large bag of meat
    20 | D        | Reached skill level 15 in Spellcasting
    20 | D        | Noticed a meat berserker
    20 | D        | Noticed a meat berserker
    21 | D        | Became a worshipper of Makhleb the Destroyer
    21 | D        | Reached * piety under Makhleb
    21 | D        | Reached ** piety under Makhleb
    23 | D        | Killed a meat berserker
    24 | D        | Reached XP level 17. HP: 163/191 MP: 13/40
    25 | D        | Killed a meat berserker
    25 | D        | Reached *** piety under Makhleb
    26 | D        | Killed a meat berserker
    27 | D        | Killed a large bag of meat
    27 | D        | Reached **** piety under Makhleb
    27 | D        | Noticed a large bag of meat
    27 | D        | Noticed a large bag of meat
    28 | D        | Reached skill level 27 in Spellcasting
    28 | D        | Reached XP level 18. HP: 167/200 MP: 13/48
    29 | D        | Killed a large bag of meat
    29 | D        | Killed a large bag of meat
    29 | D        | Reached ***** piety under Makhleb
    32 | D        | Reached XP level 19. HP: 150/207 MP: 14/49
    32 | D        | Noticed The Servant
    33 | D        | Noticed a destroyer
    33 | D        | Noticed an eight-headed meat hydra
    36 | D        | Noticed a large bag of meat
    37 | D        | Killed a destroyer
    38 | D        | Noticed a destroyer
    38 | D        | Annihilated by The Servant

Illustrated notes

Levels and vault maps discovered:
D:        meatsprint

Skill      XL: |  1  2  3  4  5  6  7  8  9 10 11 12 13 14 15 16 17 18 19 |
---------------+----------------------------------------------------------+-----
Fighting       | 17 27 | 27.0
Axes           | 18 27 | 27.0
Dodging        | 16 25 27 | 27.0
Stealth        | 5 |  5.0
Short Blades   | 3 |  3.4
Long Blades    | 3 |  3.4
Staves         | 3 |  3.3
Ranged Weapons | 3 |  3.1
Throwing       | 2 13 25 | 25.5
Armour         | 3 14 27 | 27.0
Shields        | 3 |  3.3
Unarmed Combat | 3 |  3.0
Spellcasting   | 1 8 20 27 | 27.0
Conjurations   | 2 |  2.0
Hexes          | 1 |  1.8
Summonings     | 2 |  2.3
Necromancy     | 2 |  2.3
Translocations | 2 |  2.3
Transmutations | 2 |  2.5
Fire Magic     | 2 |  2.3
Ice Magic      | 2 |  2.3
Air Magic      | 2 |  2.3
Earth Magic    | 2 |  2.5
Poison Magic   | 2 |  2.3
Invocations    | 3 14 24 | 24.3
Evocations     | 2 |  2.8

Action                   |  1- 3 |  4- 6 |  7- 9 | 10-12 | 13-15 | 16-18 | 19-21 || total
-------------------------+-------+-------+-------+-------+-------+-------+-------++-------
Melee: Executioner's axe |     1 |       |       |     2 |     6 |     9 |     2 ||    20
  Use: Potion            |       |       |       |       |       |       |     1 ||     1
 Stab: Distracted        |       |       |       |       |     1 |       |       ||     1
Dodge: Dodged            |       |       |       |       |       |     1 |       ||     1
